 Dungeon Crawl Stone Soup version 0.32-a0-685-g93135e86f0 (webtiles) character file.

Game seed: 13741220845198941436

2666 smashvw the Trooper (level 9, -2/50 HPs)
             Began as a Vine Stalker Fighter on Mar 12, 2024.
             Was a Believer of Yredelemnul.
             Blown up by Maurice (6 damage)
             ... with a mindburst bolt
             ... on level 7 of the Dungeon on Mar 13, 2024.
             The game lasted 00:15:47 (5427 turns).

smashvw the Trooper (Vine Stalker Fighter)          Turns: 5427, Time: 00:15:47

Health: -2/50      AC: 12    Str: 21    XL:     9   Next: 63%
Magic:  0/10       EV:  8    Int: 14    God:    Yredelemnul [**....]
Gold:   0          SH:  0    Dex: 18    Spells: 8/8 levels left

rFire   + + .        H - +6 dire flail "Lybuusibb" {freeze, Str+2}
rCold   + . .        (shield currently unavailable)
rNeg    . . .        k - +0 plate armour
rPois   .            (no helmet)
rElec   .            y - scarf {rC+ rF+}
rCorr   .            (no gloves)
SInv    .            D - +0 pair of boots
Will    +....        x - amulet of magic regeneration Stlth
                     A - ring of protection from fire
HPRegen 1.08/turn    I - +6 ring of intelligence
MPRegen 0.52/turn

%: guardian spirit
@: wreathed by umbra
A: fangs 3, regeneration 1, magic shield, antimagic bite, no potion heal 2
a: Renounce Religion, Light the Black Torch, Recall Undead Harvest, Hurl
Torchlight


You were on level 7 of the Dungeon.
You worshipped Yredelemnul.
Yredelemnul was noncommittal.
You visited 1 branch of the dungeon, and saw 7 of its levels.

Inventory:

Hand Weapons
 H - the +6 dire flail "Lybuusibb" (weapon) {freeze, Str+2}
   (You found it on level 6 of the Dungeon)

   Str+2:     It affects your strength (+2).
Armour
 c - a +0 buckler
 k - a +0 plate armour (worn)
 m - a +0 pair of boots
 y - a scarf of resistance (worn)
 D - a +0 pair of boots (worn)
Jewellery
 x - an amulet of magic regeneration (around neck)
 A - a ring of protection from fire (left hand)
 I - a +6 ring of intelligence (right hand)
Wands
 B - a wand of warping (8)
 K - a wand of polymorph (9)
Scrolls
 b - a scroll of torment {unknown}
 e - 3 scrolls of vulnerability {unknown}
 f - 2 scrolls of fog {unknown}
 h - 2 scrolls of amnesia {unknown}
 n - a scroll of brand weapon {unknown}
 p - 2 scrolls of enchant armour {unknown}
 z - a scroll of silence {unknown}
 C - 5 scrolls of teleportation
 G - 2 scrolls of fear {unknown}
 J - a scroll of immolation {unknown}
Potions
 d - a potion of might
 g - 2 potions of brilliance
 i - 2 potions of mutation
 j - a potion of invisibility {unknown}
 q - 2 potions of attraction
 s - a potion of enlightenment {unknown}
 u - 2 potions of heal wounds
 v - 2 potions of lignification
 w - 2 potions of ambrosia {unknown}
 E - 3 potions of curing
 F - a potion of cancellation {unknown}


   Skills:
 + Level 7.1 Fighting
 - Level 2.3 Short Blades
 - Level 2.4 Armour
 + Level 5.5 Dodging
 - Level 5.0 Shields
 + Level 5.8 Shapeshifting


You had 8 spell levels left.
You didn't know any spells.
Your spell library contained the following spells:

 Spells                   Type           Power      Damage    Failure   Level
 Apportation              Tloc           0%         N/A       100%        1
 Necrotise                Necr           0%         1d4       100%        1
 Slow                     Hex            0%         N/A       100%        1
 Sting                    Conj/Alch      0%         1d3       100%        1
 Summon Small Mammal      Summ           0%         N/A       100%        1
 Blink                    Tloc           0%         N/A       100%        2
 Lesser Beckoning         Tloc           0%         N/A       100%        2
 Momentum Strike          Conj/Tloc      0%         3d8       100%        2
 Confusing Touch          Hex            0%         N/A       100%        3
 Fugue of the Fallen      Necr           0%         N/A       100%        3
 Ozocubu's Armour         Ice            0%         N/A       100%        3
 Vampiric Draining        Necr           0%         2d6       100%        3
 Animate Armour           Summ/Erth      0%         N/A       100%        4
 Manifold Assault         Tloc           0%         N/A       100%        4
 Summon Blazeheart Golem  Fire/Summ      0%         N/A       100%        4
 Summon Lightning Spire   Summ/Air       0%         N/A       100%        4
 Lee's Rapid Deconstruct  Erth           0%         3d4*      100%        5
 Orb of Destruction       Conj           0%         9d5       100%        7
 Spellforged Servitor     Conj/Summ      0%         N/A       100%        7


Dungeon Overview and Level Annotations

Branches:
Dungeon (7/15)             Temple (0/1) D:6

Altars:
Dithmenos
Gozag
Hepliaklqana
Makhleb
Yredelemnul
The Shining One

Shops:
D:5 (   D:7 *

Annotations:
D:3 1 runed translucent door, Gryn's ghost, amateur DjEE
D:6 1 runed translucent door, Crazy Yiuf
D:7 Maurice


Innate Abilities, Weirdness & Mutations

You have razor-sharp teeth.
Your natural rate of healing is unusually fast.
When hurt, damage is shared between your health and your magic reserves.
Your bite disrupts and absorbs the magic of your enemies.
Potions cannot restore your health.


Message History

You hear a zap.
Something tries to affect you, but you resist.
You hear a zap.
Your mind is blasted!
Something blocks your attack. Something hits you!
Something steals 30 gold pieces!
You now have 316 gold pieces.
Something freezes you. Something bites you but does no damage.
You miss something. Your bite misses something.
Something hits you but does no damage. Something bites you but does no damage.
You hit something. You freeze something.
You hear a zap.
Your mind is blasted!
Something hits you.
* * * LOW HITPOINT WARNING * * *
Something steals your +0 rapier!
Something bites you but does no damage.
You hit something. You freeze something. Something hits you.
* * * LOW HITPOINT WARNING * * *
Something steals 316 gold pieces!
You now have 0 gold pieces.
Something freezes you.
* * * LOW HITPOINT WARNING * * *
Something bites you but does no damage.
Okay, then.
Okay, then.
You closely miss something.
You hear a zap.
Something tries to affect you, but you resist.
You closely miss something. Your bite misses something. Something hits you.
* * * LOW HITPOINT WARNING * * *
Something mutters, "Now where did you hide it?"
Something bites you but does no damage. Something hits you!
* * * LOW HITPOINT WARNING * * *
Something groans, "What are you, a monk?"
Something freezes you.
* * * LOW HITPOINT WARNING * * *
Something bites you but does no damage.
Okay, then.
You miss something. Your bite misses something.
You hear some strange, mumbled words.
You hear a zap.
Your mind is blasted!
You die...

#.. #.# #.#######
#.......# ##
#.......#########.
###.......#......#†♣
#>...............#.#
#.ZZZ...##.......#z#
#..@###..#.......#z'
#.....##.#.......#.#
......#.##.#...Z...#.#
###..#..............#.♣
....###.###........##.
##... ....☼#...###.####
#...#.....#.....#...Z.
..#... .....##.######
#.. ..#..##.######


You could see a friendly orc zombie, a friendly orc wizard zombie and the
friendly Joseph the human zombie.

Vanquished Creatures
  Joseph (D:7)
  Menkaure (D:7)
  A water moccasin (D:7)
  An ice beast (D:6)
  A black bear (D:4)
  2 elephant zombies (D:6)
  A bullfrog (D:7)
  An elf zombie (D:6)
  A gnoll sergeant (D:6)
  2 centaur zombies (D:6)
  An orc priest (D:6)
  A hound (D:6)
  A jelly (D:5)
  Jessica (D:3)
  2 iguanas
  A scorpion zombie (D:6)
  Natasha (thrice) (D:4)
  An orc wizard (D:7)
  A killer bee zombie (D:6)
  6 hound zombies (D:6)
  A howler monkey zombie (D:6)
  Robin (D:3)
  10 gnolls
  9 adders
  A shadow imp (D:5)
  A white imp (D:7)
  An adder zombie (D:6)
  3 dart slugs (D:2)
  2 ribbon worms (D:2)
  14 orcs
  8 endoplasms
  6 giant cockroaches
  13 goblins
  5 hobgoblins
  4 jackals
  A quokka (D:1)
  4 ball pythons
  5 bats
  4 frilled lizards
  7 kobolds
  2 rats
132 creatures vanquished.

Vanquished Creatures (collateral kills)
  Grinder (D:6)
  Sigmund (D:3)
  An ice beast (D:5)
  A sky beast (D:6)
  A black bear (D:5)
  Blork the orc (D:6)
  A scorpion (D:5)
  A bombardier beetle (D:7)
  An orc priest (D:4)
  A hound (D:4)
  A sleepcap (D:5)
  An iguana (D:5)
  An orc wizard (D:7)
  A gnoll (D:6)
  A dart slug (D:5)
  7 orcs
  An endoplasm (D:4)
  A hobgoblin (D:4)
  A kobold (D:4)
  A quokka (D:4)
26 creatures vanquished.

Vanquished Creatures (others)
  A water moccasin zombie (D:7)
  A bullfrog zombie (D:7)
  Ijyb (D:4)
  An ice beast zombie (D:6)
  A hound zombie (D:4)
  5 adder zombies
  2 spectral shadow imps
  A spectral white imp (D:7)
  An endoplasm zombie (D:4)
  A giant cockroach zombie (D:4)
  A goblin zombie (D:4)
  A hobgoblin zombie (D:4)
  A jackal zombie (D:5)
  4 orc zombies
  A quokka zombie (D:4)
23 creatures vanquished.

Grand Total: 181 creatures vanquished

Notes
Turn   | Place    | Note
-------+----------+-------------------------------------------
     0 | D:1      | smashvw the Vine Stalker Fighter began the quest for the
                  | Orb.
     0 | D:1      | Reached XP level 1. HP: 11/11 MP: 2/2
   171 | D:1      | Reached XP level 2. HP: 12/16 MP: 1/3
   260 | D:1      | Reached skill level 3 in Fighting
   524 | D:1      | Found a faded altar of an unknown god.
   746 | D:2      | Reached XP level 3. HP: 11/20 MP: 4/4
  1033 | D:2      | Reached skill level 1 in Dodging
  1035 | D:2      | Reached XP level 4. HP: 24/24 MP: 5/5
  1821 | D:3      | Reached XP level 5. HP: 29/29 MP: 6/6
  1837 | D:3      | Noticed Robin
  1847 | D:3      | Killed Robin
  1917 | D:3      | Found a runed translucent door.
  1920 | D:3      | Found a shadowy altar of Dithmenos.
  1926 | D:3      | Found a hazy altar of Hepliaklqana.
  1932 | D:3      | Found a basalt altar of Yredelemnul.
  1934 | D:3      | Found an opulent altar of Gozag.
  1944 | D:3      | Became a worshipper of Yredelemnul the Fallen
  2105 | D:3      | Noticed Jessica
  2112 | D:3      | Killed Jessica
  2133 | D:3      | Noticed Sigmund
  2142 | D:3      | Killed Sigmund
  2143 | D:3      | Reached skill level 4 in Fighting
  2143 | D:3      | Reached skill level 1 in Shapeshifting
  2143 | D:3      | Reached XP level 6. HP: 29/33 MP: 7/7
  2216 | D:3      | Noticed Gryn's ghost (amateur DjEE)
  2333 | D:4      | Found a glowing golden altar of the Shining One.
  2380 | D:4      | Reached * piety under Yredelemnul
  2394 | D:4      | Noticed Natasha
  2414 | D:4      | Killed Natasha
  2415 | D:4      | Reached XP level 7. HP: 31/38 MP: 8/8
  2495 | D:4      | Noticed Natasha
  2504 | D:4      | Killed Natasha
  2646 | D:4      | Noticed Ijyb
  2672 | D:4      | Killed Ijyb
  2877 | D:4      | Noticed Natasha
  2882 | D:4      | Killed Natasha
  2968 | D:5      | Entered Level 5 of the Dungeon
  3079 | D:5      | Reached skill level 5 in Fighting
  3162 | D:5      | Found a transporter.
  3162 | D:5      | Found Piprib's Weapon Emporium.
  3181 | D:5      | Gained mutation: You have razor-sharp teeth. [Vine Stalker
                  | growth]
  3181 | D:5      | Reached XP level 8. HP: 43/43 MP: 9/9
  3229 | D:5      | Found a transporter.
  3264 | D:5      | Found a burning altar of Makhleb.
  3471 | D:5      | Reached skill level 5 in Shields
  3753 | D:6      | Noticed Grinder
  3760 | D:6      | Reached ** piety under Yredelemnul
  3761 | D:6      | Killed Grinder
  3798 | D:6      | Found a staircase to the Ecumenical Temple.
  3897 | D:6      | Found a runed translucent door.
  3898 | D:6      | Noticed Crazy Yiuf
  3994 | D:6      | Your ally Grinder died
  4004 | D:6      | Reached skill level 6 in Fighting
  4023 | D:6      | Found a basalt altar of Yredelemnul.
  4074 | D:6      | Reached XP level 9. HP: 48/48 MP: 10/10
  4126 | D:6      | Reached skill level 5 in Shapeshifting
  4163 | D:6      | Reached skill level 5 in Dodging
  4184 | D:6      | Identified the +6 dire flail "Lybuusibb" {freeze, Str+2}
  4422 | D:6      | Noticed Blork the orc
  4427 | D:6      | Killed Blork the orc
  5059 | D:7      | Found Dikhio's General Store.
  5086 | D:7      | Noticed Joseph
  5090 | D:7      | Noticed Menkaure
  5096 | D:7      | Killed Joseph
  5096 | D:7      | HP: 1/49 [Menkaure/nerve-wracking pain (9)]
  5097 | D:7      | Reached skill level 7 in Fighting
  5103 | D:7      | Killed Menkaure
  5411 | D:7      | Noticed Maurice
  5412 | D:7      | Maurice stole a storm talisman
  5413 | D:7      | Maurice stole a +0 tower shield
  5417 | D:7      | Maurice stole a throwing net
  5420 | D:7      | Something stole 30 gold
  5422 | D:7      | Something stole a +0 rapier
  5423 | D:7      | Something stole 316 gold
  5425 | D:7      | HP: 1/50 [something (2)]
  5427 | D:7      | Blown up by Maurice

Illustrated notes

Levels and vault maps discovered:
D:1:      lightli_molten_gateway, layout_basic, shapermc_ecumenical_altar_gd
D:2:      layout_loops_corners
D:3:      layout_rooms, nicolae_overflow_macrodata_refinement,
          ebering_ghost_sewer_d, uniq_jessica, uniq_sigmund, uniq_robin
D:4:      layout_gridville, kennysheep_mini, uniq_natasha, uniq_ijyb
D:5:      layout_basic, mainiacjoe_overflow_six_doors_small, serial_shops,
          nicolae_shop_drivethru, due_unseen_surprise
D:6:      layout_loops_ring, temple_statues, roadster_capsule_ark_zombie,
          uniq_blork_the_orc, uniq_grinder, uniq_crazy_yiuf_cottage
D:7:      layout_basic, grunt_qazlal_clouds, grunt_ministairs_11,
          nicolae_inconvenience_store, uniq_joseph, uniq_menkaure, uniq_maurice

Skill      XL: |  1  2  3  4  5  6  7  8  9 |
---------------+----------------------------+-----
Short Blades   | 2 |  2.3
Fighting       | 3 4 5 6 7 |  7.1
Shields        | 3 4 5 |  5.0
Dodging        | 1 2 3 4 5 |  5.5
Shapeshifting  | 1 2 3 4 5 |  5.8
Armour         | |  2.4

Action                     |  1- 3 |  4- 6 |  7- 9 || total
---------------------------+-------+-------+-------++-------
  Melee: Rapier            |    85 |   202 |   303 ||   590
         Bite              |    21 |    57 |   142 ||   220
         Dire flail        |       |       |    44 ||    44
 Invoke: Light the Black T |       |     2 |     3 ||     5
         Hurl Torchlight   |       |       |     2 ||     2
    Use: Scroll            |       |       |     5 ||     5
         Potion            |       |       |     3 ||     3
   Stab: Distracted        |       |     1 |     1 ||     2
 Armour: Scale mail        |    49 |   128 |    59 ||   236
         Plate armour      |       |       |   263 ||   263
         Skin              |       |       |     2 ||     2
  Dodge: Dodged            |    34 |   107 |   121 ||   262
  Block: Buckler           |    19 |    54 |    83 ||   156

Table legend: (Time is in decaauts)
 A = Elapsed time spent in this place.
 B = Non-inter-level travel time spent in this place.
 C = Inter-level travel time spent in this place.
 D = Time resting spent in this place.
 E = Time spent auto-exploring this place.
 F = Levels seen in this place.
 G = Mean time per level.
                   A        B        C        D        E       F      G
               +--------+--------+--------+--------+--------+-----+--------+
         Total |   5513 |   5330 |    183 |     45 |   3943 |   7 |  787.6 |
       Dungeon |   5513 |   5330 |    183 |     45 |   3943 |   7 |  787.6 |
               +--------+--------+--------+--------+--------+-----+--------+

Top non-repeatable levels by time:
     D:2: 1075 daAuts
     D:6: 1031 daAuts
     D:7: 734 daAuts
     D:5: 731 daAuts
     D:4: 726 daAuts
     D:1: 714 daAuts
     D:3: 499 daAuts
